 Dungeon Crawl Stone Soup version 0.30-a0-374-g95c0257040 (webtiles) character file.

Game seed: 10863403525424115310

394 karrick the Cudgeller (level 6, -2/39 HPs)
             Began as a Gargoyle Fighter on Nov 26, 2022.
             Slain by an ogre
             ... wielding a +0 giant club
              (10 damage)
             ... on level 5 of the Dungeon.
             The game lasted 00:08:26 (3297 turns).

karrick the Cudgeller (Gargoyle Fighter)            Turns: 3297, Time: 00:08:26

Health: -2/39      AC: 16    Str: 19    XL:     6   Next: 81%
Magic:  6/6        EV: 10    Int:  9    God:
Gold:   244        SH:  5    Dex: 17    Spells: 5/5 levels left

rFire   . . .      SeeInvis .    a - +0 flail
rCold   . . .      Faith    .    c - +0 buckler
rNeg    + . .      Spirit   .    B - quicksilver dragon scales
rPois   ∞          Reflect  .    u - +0 helmet
rElec   +          Harm     .    (no cloak)
rCorr   .          Rampage  .    (no gloves)
Will    +....                    (no boots)
Stlth   +.........               (no amulet)
HPRegen 0.26/turn                k - +6 ring of dexterity
MPRegen 0.10/turn                (no ring)

@: no status effects
A: sickness immunity, AC +4, negative energy resistance 1, electricity
resistance, torment resistance 1, petrification resistance
a: no special abilities


You were on level 5 of the Dungeon.
You visited 1 branch of the dungeon, and saw 5 of its levels.

You collected 244 gold pieces.

Inventory:

Hand Weapons
 a - a +0 flail (weapon)
 h - a +1 whip of draining
 A - the +3 demon trident "Buzotecs" {venom, rC+ Int+3 SInv}
   (You found it on level 4 of the Dungeon)

   It poisons the flesh of those it strikes.
   Int:       It affects your intelligence (+3).
   rC:        It protects you from cold.
   SInv:      It lets you see invisible.
Armour
 b - a +0 scale mail
 c - a +0 buckler (worn)
 n - an orb of light
 u - a +0 helmet (worn)
 B - quicksilver dragon scales (worn)
Jewellery
 k - a +6 ring of dexterity (left hand)
 m - an amulet of magic regeneration
 s - a ring of protection from cold
Wands
 z - a wand of iceblast (14)
Scrolls
 i - a scroll of fear {unknown}
 j - a scroll of enchant armour {unknown}
 l - 3 scrolls of teleportation {unknown}
 q - a scroll of poison {unknown}
 t - 2 scrolls of magic mapping {unknown}
 x - a scroll of identify {unknown}
 y - a scroll of amnesia {unknown}
Potions
 d - 2 potions of might
 e - 3 potions of curing {unknown}
 f - a potion of heal wounds {unknown}
 g - a potion of berserk rage {unknown}
 o - a potion of lignification {unknown}
 p - 4 potions of degeneration {unknown}
 r - a potion of magic {unknown}
 v - a potion of invisibility {unknown}
 w - a potion of flight {unknown}


   Skills:
 + Level 4.5 Fighting
 + Level 4.8 Maces & Flails
 + Level 4.7 Armour
 + Level 0.4 Stealth
 + Level 4.3 Shields


You had 5 spell levels left.
You didn't know any spells.
Your spell library was empty.

Dungeon Overview and Level Annotations

Branches:
Dungeon (5/15)
 Temple: D:4-7

Altars:

Annotations:
D:4 Sigmund


Innate Abilities, Weirdness & Mutations

You are immune to sickness and miasma.
Your stone body is resilient. (AC +4)
You are immune to poison.
You resist negative energy. (rN+)
You are resistant to electric shocks. (rElec)
You are resistant to unholy torment.
You are immune to petrification.


Message History

There is a stone staircase leading down here.
You climb downwards.
You hear the hiss of flowing sand.
There is an entrance to an ossuary on this level.
Hurry and find it before the portal is buried!
Found a war axe, 10 gold pieces and a robe.
Found an escape hatch in the floor.
There is a stone staircase leading up here.
Found a stone staircase leading up.
You now have 244 gold pieces (gained 10).
You open the door.
There is an open door here.
You open the door.
There is an open door here.
You open the door.
There is an open door here.
You hear the slow hiss of a distant avalanche of sand.
There is an open door here.
An ogre comes into view. It is wielding a +0 giant club.
The ogre shouts!
A hound comes into view.
There is a stone staircase leading up here.
You hit the ogre but do no damage.
The ogre hits you with a +0 giant club!!
Ouch! That really hurt!
You hit the ogre.
The ogre is lightly wounded.
You hit the ogre.
The ogre is moderately wounded.
The ogre barely misses you.
You hit the ogre.
The ogre is heavily wounded.
The ogre barely misses you.
You thump the ogre!
The ogre is almost dead.
The ogre hits you with a +0 giant club!
* * * LOW HITPOINT WARNING * * *
You completely miss the ogre.
The ogre is almost dead.
The ogre hits you with a +0 giant club!
You die...

#..<...............
#..................
#..................
#....)......##########
#...........#........#
#[.........<#........#
#...........#........#
#..........O#........#
#..........@#...##...#
#...........#...##...#
#...........#...##...#
#...........#...##...#
#...........#...'....#
#...........#...#....#
#...........#...##...#
#...........#...##...#
#...........#....#...#


You could see an ogre.

Vanquished Creatures
  A scorpion (D:3)
  A crimson imp (D:4)
  2 hounds (D:4)
  A jelly (D:4)
  Natasha (twice) (D:2)
  A gnoll (D:3)
  6 adders
  A white imp (D:4)
  3 dart slugs
  5 orcs (D:4)
  5 ball pythons
  8 endoplasms
  4 giant cockroaches
  10 goblins
  4 hobgoblins
  7 jackals
  8 kobolds
  A quokka (D:1)
  5 bats
  2 frilled lizards
  6 rats
83 creatures vanquished.

Notes
Turn   | Place    | Note
-------+----------+-------------------------------------------
     0 | D:1      | karrick the Gargoyle Fighter began the quest for the Orb.
     0 | D:1      | Reached XP level 1. HP: 14/14 MP: 1/1
    93 | D:1      | Reached XP level 2. HP: 19/19 MP: 2/2
   464 | D:1      | Reached XP level 3. HP: 24/24 MP: 3/3
   772 | D:2      | Noticed Natasha
   790 | D:2      | Killed Natasha
   791 | D:2      | Reached XP level 4. HP: 11/29 MP: 4/4
  1129 | D:2      | Found a faded altar of an unknown god.
  1147 | D:2      | Noticed Natasha
  1153 | D:2      | Killed Natasha
  1432 | D:2      | Reached XP level 5. HP: 33/33 MP: 5/5
  2504 | D:4      | Reached XP level 6. HP: 32/39 MP: 6/6
  2512 | D:4      | Identified the +3 demon trident "Buzotecs" {venom, rC+
                  | Int+3 SInv}
  2835 | D:4      | Noticed Sigmund
  3214 | D:5      | Entered Level 5 of the Dungeon
  3297 | D:5      | Slain by an ogre

Illustrated notes

Levels and vault maps discovered:
D:1:      dpeg_arrival_subterranean_lakeside_camping, layout_basic,
          dreamdust_princess_corridor, minivault_27
D:2:      layout_basic, shapermc_ecumenical_altar_venn, uniq_natasha
D:3:      layout_basic, kennysheep_generic_room_6
D:4:      layout_basic, roderic_batcave, nicolae_hexahallways,
          minmay_fire_ice_demons, uniq_grinder, uniq_sigmund
D:5:      layout_gridville, old_standard_altar, mainiacjoe_overflow_swirl,
          minmay_temple_entry_waves, enter_ossuary_5, uniq_eustachio,
          uniq_edmund, uniq_pikel

Skill      XL: |  1  2  3  4  5 |
---------------+----------------+-----
Maces & Flails | 3 4 |  4.8
Fighting       | 4 |  4.5
Armour         | 4 |  4.7
Shields        | 4 |  4.3
Stealth        | |  0.4

Action                   |  1- 3 |  4- 6 || total
-------------------------+-------+-------++-------
Melee: Flail             |   105 |   165 ||   270
Armor: Scale mail        |    51 |    82 ||   133
       Quicksilver drago |       |     2 ||     2
Dodge: Dodged            |    61 |    87 ||   148
Block: Buckler           |    29 |    43 ||    72

Table legend: (Time is in decaauts)
 A = Elapsed time spent in this place.
 B = Non-inter-level travel time spent in this place.
 C = Inter-level travel time spent in this place.
 D = Time resting spent in this place.
 E = Time spent auto-exploring this place.
 F = Levels seen in this place.
 G = Mean time per level.
                   A        B        C        D        E       F      G
               +--------+--------+--------+--------+--------+-----+--------+
         Total |   3380 |   3215 |    165 |      0 |   2433 |   5 |  676.0 |
       Dungeon |   3380 |   3215 |    165 |      0 |   2433 |   5 |  676.0 |
               +--------+--------+--------+--------+--------+-----+--------+

Top non-repeatable levels by time:
     D:3: 972 daAuts
     D:2: 822 daAuts
     D:1: 782 daAuts
     D:4: 718 daAuts
     D:5: 83 daAuts
